[Event "AUT-ch Open 2020"]
[Site "Graz"]
[Date "2020.02.14"]
[Round "1.1"]
[White "Menezes, Christoph"]
[Black "Nieminen, Kari"]
[Result "1-0"]
[ECO "A14"]
[WhiteElo "2394"]
[BlackElo "2112"]
[Annotator "RC"]
[PlyCount "55"]
[EventDate "2020.02.14"]
[EventType "swiss"]
[EventCountry "AUT"]
[SourceTitle "playchess.com"]
[Source "ChessBase"]
[SourceQuality "1"]
[TimeControl "40/5400+30:1800+30"]

1. Nf3 d5 2. g3 Nf6 3. Bg2 e6 4. O-O Be7 5. c4 O-O 6. b3 b6 7. Bb2 Bb7 8. e3 Nbd7 9. Nc3 a6 10. Qe2 c5 11. Rfd1 Qb8 12. cxd5 Nxd5 13. Nxd5 Bxd5 14. e4 Bc6 15. d4 Re8 16. dxc5 bxc5 17. Nd2 Ne5 18. a4 Rd8 19. Bc3 a5 20. f4 Nd3 21. Rab1 Qc7 22. Nc4 Nb4 23. Be5 Qa7 24. Qg4 g6 25. h4 Nc2 26. h5 Nd4 27. hxg6 hxg6 28. Qh3 1-0

[Event "AUT-ch Open 2020"]
[Site "Graz"]
[Date "2020.02.14"]
[Round "1.4"]
[White "Megalios, Konstantinos"]
[Black "Maxion, Dirk"]
[Result "*"]
[ECO "B12"]
[WhiteElo "2390"]
[BlackElo "2098"]
[Annotator "RC"]
[PlyCount "22"]
[EventDate "2020.02.14"]
[EventType "swiss"]
[EventCountry "AUT"]
[SourceTitle "playchess.com"]
[Source "ChessBase"]
[SourceQuality "1"]
[TimeControl "40/5400+30:1800+30"]

1. e4 c6 2. d4 d5 3. e5 c5 4. dxc5 e6 5. a3 Bxc5 6. b4 Bb6 7. Nf3 Ne7 8. Bb2 a5 9. b5 Nd7 10. Bd3 Nc5 11. a4 Ng6 *

[Event "AUT-ch Open 2020"]
[Site "Graz"]
[Date "2020.02.14"]
[Round "1.7"]
[White "Zoernpfenning, Siegfried"]
[Black "Tomazini, Zan"]
[Result "*"]
[ECO "C18"]
[WhiteElo "2094"]
[BlackElo "2386"]
[Annotator "RC"]
[PlyCount "27"]
[EventDate "2020.02.14"]
[EventType "swiss"]
[EventCountry "AUT"]
[SourceTitle "playchess.com"]
[Source "ChessBase"]
[SourceQuality "1"]
[TimeControl "40/5400+30:1800+30"]

1. e4 e6 2. d4 d5 3. Nc3 Bb4 4. e5 c5 5. a3 Bxc3+ 6. bxc3 Qa5 7. Bd2 Qa4 8. Qg4 Kf8 9. h4 Ne7 10. h5 h6 11. Qd1 b6 12. Nf3 Ba6 13. dxc5 Bxf1 14. Kxf1 *

[Event "AUT-ch Open 2020"]
[Site "Graz"]
[Date "2020.02.14"]
[Round "1.11"]
[White "Magold, Filip"]
[Black "Barp, Alberto"]
[Result "*"]
[ECO "A90"]
[WhiteElo "2086"]
[BlackElo "2368"]
[Annotator "RC"]
[PlyCount "20"]
[EventDate "2020.02.14"]
[EventType "swiss"]
[EventCountry "AUT"]
[SourceTitle "playchess.com"]
[Source "ChessBase"]
[SourceQuality "1"]
[TimeControl "40/5400+30:1800+30"]

1. d4 e6 2. c4 f5 3. g3 Nf6 4. Bg2 c6 5. Nf3 d5 6. O-O Bd6 7. b3 Qe7 8. Bb2 b6 9. Nbd2 O-O 10. Ne5 Bb7 *

[Event "AUT-ch Open 2020"]
[Site "Graz"]
[Date "2020.02.14"]
[Round "1.14"]
[White "Leisch, Lukas"]
[Black "Schloffer, Jasmin-Denise"]
[Result "*"]
[ECO "D02"]
[WhiteElo "2352"]
[BlackElo "2080"]
[Annotator "RC"]
[PlyCount "24"]
[EventDate "2020.02.14"]
[EventType "swiss"]
[EventCountry "AUT"]
[SourceTitle "playchess.com"]
[Source "ChessBase"]
[SourceQuality "1"]
[TimeControl "40/5400+30:1800+30"]

1. d4 Nf6 2. Bf4 d5 3. e3 e6 4. Nd2 c5 5. c3 Bd6 6. Bg3 Qc7 7. Ngf3 Nbd7 8. Bd3 O-O 9. O-O Bxg3 10. hxg3 e5 11. dxe5 Nxe5 12. Nxe5 Qxe5 *

[Event "AUT-ch Open 2020"]
[Site "Graz"]
[Date "2020.02.14"]
[Round "1.23"]
[White "Blohberger, Felix"]
[Black "Simonetto, Andrea"]
[Result "1/2-1/2"]
[ECO "B10"]
[WhiteElo "2448"]
[BlackElo "2158"]
[Annotator "RC"]
[PlyCount "104"]
[EventDate "2020.02.14"]
[EventType "swiss"]
[EventCountry "AUT"]
[SourceTitle "playchess.com"]
[Source "ChessBase"]
[SourceQuality "1"]
[TimeControl "40/5400+30:1800+30"]

1. e4 c6 2. Nf3 d5 3. Nc3 Nf6 4. e5 Ne4 5. Ne2 Qb6 6. d4 e6 7. Ng3 c5 8. c3 Nc6 9. Bd3 Nxg3 10. hxg3 Bd7 11. dxc5 Bxc5 12. Qe2 a5 13. g4 Ne7 14. Rb1 a4 15. b4 axb3 16. axb3 Qc7 17. g5 Ng6 18. O-O O-O 19. g3 Bb6 20. Bb2 Rfd8 21. Ra1 Be8 22. Kg2 Qe7 23. Rxa8 Rxa8 24. Bc1 Qc7 25. Bxg6 hxg6 26. Be3 Rc8 27. Rc1 Bc5 28. Bxc5 Qxc5 29. Nd4 Bd7 30. Qd3 Qe7 31. Qe3 Qc5 32. Qd2 Bb5 33. Rc2 Bd7 34. Kh2 Qc7 35. Qe3 Qc5 36. Kg2 Bb5 37. Qd2 Bd7 38. Rc1 Qc7 39. Qe2 Qc5 40. Kg1 Qe7 41. Qe3 Qc5 42. Kg2 Be8 43. Ra1 Kf8 44. Ra8 Kg8 45. Rxc8 Qxc8 46. Qe1 Qa8 47. Qb1 Qa6 48. Qf1 Qa5 49. Qd3 Qc7 50. Qe3 Qc5 51. Qd3 Qc7 52. Qe3 Qc5 1/2-1/2

[Event "AUT-ch Open 2020"]
[Site "Graz"]
[Date "2020.02.14"]
[Round "1.30"]
[White "Murray, David"]
[Black "Handler, Lukas"]
[Result "0-1"]
[ECO "C14"]
[WhiteElo "2145"]
[BlackElo "2422"]
[Annotator "RC"]
[PlyCount "152"]
[EventDate "2020.02.14"]
[EventType "swiss"]
[EventCountry "AUT"]
[SourceTitle "playchess.com"]
[Source "ChessBase"]
[SourceQuality "1"]
[TimeControl "40/5400+30:1800+30"]

1. e4 e6 2. d4 d5 3. Nc3 Nf6 4. Bg5 Be7 5. e5 Nfd7 6. Bxe7 Qxe7 7. f4 a6 8. Nf3 c5 9. dxc5 Nxc5 10. Bd3 Nc6 11. O-O Bd7 12. Qd2 h6 13. Qf2 Nxd3 14. cxd3 Qb4 15. f5 Rc8 16. Rac1 Qa5 17. a3 exf5 18. b4 Qxa3 19. Nxd5 Be6 20. Rc3 Qa4 21. Nb6 Qxb4 22. Nxc8 Qxc3 23. Nd6+ Kf8 24. Qe3 g5 25. Nxb7 g4 26. Nh4 Qxe5 27. Nxf5 Qxe3+ 28. Nxe3 Kg7 29. Nc5 Bc8 30. Rf4 h5 31. d4 Rd8 32. d5 Na7 33. Nxa6 Bxa6 34. Ra4 Bb7 35. Rxa7 Bxd5 36. Ra5 Be6 37. Rxh5 Kg6 38. Rc5 Rd3 39. Kf2 f5 40. Ke2 Ra3 41. g3 Bd7 42. Kf2 Ra2+ 43. Rc2 Ra1 44. Nd5 Ba4 45. Rd2 Rh1 46. Kg2 Rc1 47. Kf2 Rh1 48. Kg2 Ra1 49. Kf2 Kf7 50. Ke3 Bc6 51. Kf4 Ra5 52. Ne3 Ke6 53. Nc4 Rc5 54. Re2+ Kf6 55. Ne3 Ra5 56. Rc2 Bd7 57. Nc4 Ra4 58. Ke3 Be6 59. Nd2 Ra1 60. Kf2 Bd5 61. Nf1 Be4 62. Rd2 Ke5 63. Rb2 Bd3 64. Nd2 Rh1 65. Kg2 Rd1 66. h4 Kd4 67. h5 Ke3 68. h6 Ra1 69. h7 Ra8 70. Nb1 Rh8 71. Nc3 Rxh7 72. Nd5+ Kd4 73. Rd2 Rd7 74. Nf4 Ke3 75. Ra2 Be4+ 76. Kh2 Rh7+ 0-1

[Event "AUT-ch Open 2020"]
[Site "Graz"]
[Date "2020.02.14"]
[Round "1.33"]
[White "Kosakowski, Jakub"]
[Black "Froewis, Annika"]
[Result "1-0"]
[ECO "C77"]
[WhiteElo "2413"]
[BlackElo "2121"]
[Annotator "RC"]
[PlyCount "117"]
[EventDate "2020.02.14"]
[EventType "swiss"]
[EventCountry "AUT"]
[SourceTitle "playchess.com"]
[Source "ChessBase"]
[SourceQuality "1"]
[TimeControl "40/5400+30:1800+30"]

1. e4 e5 2. Nf3 Nc6 3. Bb5 a6 4. Ba4 Nf6 5. Bxc6 dxc6 6. d3 Bd6 7. Nbd2 Be6 8. b3 Nd7 9. Bb2 c5 10. Qe2 Qe7 11. g3 f6 12. Nh4 g6 13. Ng2 Nb8 14. Ne3 Nc6 15. c3 Qf7 16. Rf1 Bh3 17. Rg1 Be6 18. Ndc4 O-O-O 19. O-O-O Bf8 20. f4 Bh6 21. Rgf1 Qd7 22. Kb1 b5 23. Na3 Rhf8 24. Nac2 Qe7 25. f5 Bf7 26. Ng4 Bg7 27. Ba3 Kb7 28. Nge3 g5 29. Qf3 Ka7 30. Nd5 Bxd5 31. exd5 b4 32. dxc6 bxa3 33. Nxa3 Qd6 34. Nc4 Qd5 35. Qe4 h5 36. Kc2 Rh8 37. h3 h4 38. g4 Rhe8 39. a4 Bf8 40. Ne3 Qd6 41. Rb1 Rb8 42. Rfe1 Red8 43. Nc4 Qd5 44. Rbd1 Rd6 45. Qxd5 Rxd5 46. d4 cxd4 47. cxd4 exd4 48. Rd3 Rc5 49. Re6 Bd6 50. Rxf6 Rxc6 51. Re6 Rb4 52. Rxd4 Rcb6 53. Rdxd6 Rxc4+ 54. bxc4 cxd6 55. f6 Rb4 56. Kd3 Rb3+ 57. Ke4 d5+ 58. cxd5 Ra3 59. f7 1-0

[Event "AUT-ch Open 2020"]
[Site "Graz"]
[Date "2020.02.14"]
[Round "1.34"]
[White "Wallner, Dieter"]
[Black "Schwabeneder, Florian"]
[Result "0-1"]
[ECO "A45"]
[WhiteElo "2116"]
[BlackElo "2412"]
[Annotator "RC"]
[PlyCount "70"]
[EventDate "2020.02.14"]
[EventType "swiss"]
[EventCountry "AUT"]
[SourceTitle "playchess.com"]
[Source "ChessBase"]
[SourceQuality "1"]
[TimeControl "40/5400+30:1800+30"]

1. d4 Nf6 2. Bf4 d5 3. e3 e6 4. Nd2 c5 5. c3 Bd6 6. Bg3 Qc7 7. Ngf3 Nbd7 8. Bd3 O-O 9. Qe2 e5 10. Nxe5 Nxe5 11. dxe5 Bxe5 12. Bxe5 Qxe5 13. h3 Bd7 14. O-O Rfe8 15. Bb5 Rad8 16. Rad1 Qe6 17. Nf3 Bc6 18. Bxc6 Qxc6 19. Qc2 b5 20. a4 Rb8 21. axb5 Qxb5 22. Rb1 c4 23. Qf5 Rb6 24. Rfd1 g6 25. Qf4 Kg7 26. Nd4 Qc5 27. f3 h6 28. g4 Nd7 29. g5 hxg5 30. Qxg5 Re5 31. Qd8 Qd6 32. Kf2 Rb8 33. Qh4 Nc5 34. Qg3 Qf6 35. Nc6 Ne4+ 0-1

[Event "AUT-ch Open 2020"]
[Site "Graz"]
[Date "2020.02.15"]
[Round "2.1"]
[White "Farkas, Otto Jr."]
[Black "Santiago, Yago De Moura"]
[Result "0-1"]
[ECO "A42"]
[WhiteElo "1980"]
[BlackElo "2488"]
[Annotator "ChessBase"]
[PlyCount "110"]
[EventDate "2020.02.14"]
[EventType "swiss"]
[EventCountry "AUT"]
[SourceTitle "playchess.com"]
[Source "ChessBase"]
[SourceQuality "1"]
[TimeControl "40/5400+30:1800+30"]

1. e4 g6 2. d4 Bg7 3. c4 d6 4. Nc3 e5 5. d5 f5 6. exf5 Bxf5 7. Bd3 Nf6 8. Bg5 O-O 9. Nge2 Qe8 10. O-O Nfd7 11. Ng3 Nc5 12. Be2 a5 13. Be3 Nba6 14. Qd2 a4 15. f3 b6 16. Nge4 Nxe4 17. fxe4 Bd7 18. Rxf8+ Bxf8 19. Rf1 Nc5 20. Qc2 Be7 21. Qc1 Qd8 22. Bd1 Bf6 23. Bc2 Qe7 24. Qd1 Bg5 25. Bxc5 bxc5 26. Bxa4 Be3+ 27. Kh1 Bxa4 28. Nxa4 Qh4 29. Nc3 Bf4 30. g3 Bxg3 31. Qe2 Bf4 32. b3 Rf8 33. Nb5 Rf7 34. Qf2 Qh3 35. Qg2 Qh5 36. h3 Qh4 37. Qg4 Qd8 38. a4 Qa8 39. Qe6 Qa5 40. Qg4 Qd2 41. Qg2 Qd3 42. Qf3 Qc2 43. Rf2 Qb1+ 44. Rf1 Qb2 45. Rf2 Qc1+ 46. Rf1 Qd2 47. Qg2 Qa5 48. Qg4 Kg7 49. Qf3 Qa8 50. Qg4 Qf8 51. Qe6 Qd8 52. Qg4 Qf8 53. Qe6 h5 54. Rg1 Bg3 55. Nxc7 Rf2 0-1

[Event "AUT-ch Open 2020"]
[Site "Graz"]
[Date "2020.02.15"]
[Round "2.2"]
[White "Ufimtsev, Egor"]
[Black "Gavrilescu, David"]
[Result "0-1"]
[ECO "E34"]
[WhiteElo "2174"]
[BlackElo "2455"]
[Annotator "ChessBase"]
[PlyCount "144"]
[EventDate "2020.02.14"]
[EventType "swiss"]
[EventCountry "AUT"]
[SourceTitle "playchess.com"]
[Source "ChessBase"]
[SourceQuality "1"]
[TimeControl "40/5400+30:1800+30"]

1. d4 Nf6 2. c4 e6 3. Nc3 Bb4 4. Qc2 d5 5. cxd5 Qxd5 6. Nf3 Qf5 7. Qxf5 exf5 8. a3 Be7 9. Bf4 c6 10. e3 Be6 11. Nd2 Nbd7 12. Nc4 Nh5 13. Bc7 O-O 14. Nd6 b6 15. Ba6 Bd8 16. Bxd8 Raxd8 17. Be2 Nhf6 18. O-O c5 19. Rfd1 cxd4 20. Rxd4 Nc5 21. Rad1 Nb3 22. R4d3 Rd7 23. e4 Nc5 24. Rd4 Bb3 25. R1d2 Rxd6 26. Rxd6 Nfxe4 27. Nxe4 Nxe4 28. R2d3 Nxd6 29. Rxb3 Re8 30. Kf1 g6 31. Rd3 Re6 32. Rd4 Ne4 33. f3 Nf6 34. Bb5 Kg7 35. b4 Re5 36. Bc6 Re3 37. a4 Rc3 38. Bb5 Rc2 39. a5 bxa5 40. bxa5 Rc5 41. Rb4 Nd5 42. Rb3 Nc7 43. Bd7 Rd5 44. Bc6 Rxa5 45. Rb7 Ne6 46. Be8 Ra1+ 47. Kf2 Ra2+ 48. Kf1 Nf4 49. Rxf7+ Kh6 50. g4 Nd5 51. h3 Kg5 52. gxf5 Ne3+ 53. Ke1 gxf5 54. Rxh7 Kf4 55. Bc6 Nc2+ 56. Kd1 Nd4 57. Bd5 Ra5 58. Ba8 Nxf3 59. Bxf3 Kxf3 60. h4 f4 61. h5 Rc5 62. h6 Rc6 63. Rxa7 Rxh6 64. Re7 Rh1+ 65. Kd2 Kg3 66. Rg7+ Kf2 67. Rf7 f3 68. Rg7 Rh8 69. Rd7 Re8 70. Rd6 Kf1 71. Rd7 f2 72. Rd6 Rg8 0-1

[Event "AUT-ch Open 2020"]
[Site "Graz"]
[Date "2020.02.15"]
[Round "2.3"]
[White "Cosman, Andreea-Marioara"]
[Black "Blohberger, Felix"]
[Result "1/2-1/2"]
[ECO "E46"]
[WhiteElo "2165"]
[BlackElo "2448"]
[Annotator "ChessBase"]
[PlyCount "81"]
[EventDate "2020.02.14"]
[EventType "swiss"]
[EventCountry "AUT"]
[SourceTitle "playchess.com"]
[Source "ChessBase"]
[SourceQuality "1"]
[TimeControl "40/5400+30:1800+30"]

1. d4 Nf6 2. c4 e6 3. Nc3 Bb4 4. e3 O-O 5. Nge2 Re8 6. a3 Bf8 7. d5 a5 8. g3 Na6 9. Bg2 Nc5 10. b3 exd5 11. cxd5 b6 12. O-O Ba6 13. Ra2 Nd3 14. Rd2 Nxc1 15. Qxc1 b5 16. Rfd1 Rb8 17. Rc2 b4 18. axb4 Bxb4 19. Nd4 Bb7 20. Ncb5 Nxd5 21. Nxc7 Nxc7 22. Rxc7 Bxg2 23. Kxg2 Rc8 24. Rc4 Rxc4 25. Qxc4 Qa8+ 26. Kg1 g6 27. Rc1 Qb7 28. Qb5 Qxb5 29. Nxb5 Rb8 30. Nd4 Be7 31. Rc7 Bf6 32. Ra7 Bxd4 33. exd4 Rxb3 34. Rxa5 Kf8 35. Kf1 Rb4 36. Rd5 Ke7 37. Ke2 f6 38. Ke3 Rb3+ 39. Ke2 Rb4 40. Ke3 Rb3+ 41. Ke2 1/2-1/2

[Event "AUT-ch Open 2020"]
[Site "Graz"]
[Date "2020.02.15"]
[Round "2.5"]
[White "Simonetto, Andrea"]
[Black "Schnider, Gert"]
[Result "1/2-1/2"]
[ECO "E32"]
[WhiteElo "2158"]
[BlackElo "2429"]
[Annotator "ChessBase"]
[PlyCount "85"]
[EventDate "2020.02.14"]
[EventType "swiss"]
[EventCountry "AUT"]
[SourceTitle "playchess.com"]
[Source "ChessBase"]
[SourceQuality "1"]
[TimeControl "40/5400+30:1800+30"]

1. d4 Nf6 2. c4 e6 3. Nc3 Bb4 4. Qc2 b6 5. e4 c5 6. d5 exd5 7. exd5 O-O 8. Bd3 b5 9. Bd2 bxc4 10. Bxc4 d6 11. Nge2 Nbd7 12. a3 Bxc3 13. Bxc3 Nb6 14. Qd3 Nxc4 15. Qxc4 a5 16. Bxf6 Qxf6 17. Qc3 Qg5 18. O-O Ba6 19. Rfe1 Rfb8 20. Ng3 a4 21. h4 Qg6 22. h5 Qg5 23. Ne4 Qxh5 24. Nxd6 Qxd5 25. Rad1 Qh5 26. Ne4 h6 27. Qxc5 Qh4 28. g3 Qh3 29. Nd6 Bb7 30. Nxb7 Rxb7 31. Qc6 Rbb8 32. Rd2 h5 33. Rde2 Qc8 34. Qxc8+ Rxc8 35. Re4 Rcb8 36. R1e2 g6 37. Kg2 Kg7 38. Rf4 Ra6 39. Rfe4 Rb3 40. R4e3 Rb5 41. Re5 Rb3 42. R5e3 Rb5 43. Re5 1/2-1/2

[Event "AUT-ch Open 2020"]
[Site "Graz"]
[Date "2020.02.15"]
[Round "2.6"]
[White "Buonanno, Raffaele"]
[Black "Freitag, Manfred"]
[Result "0-1"]
[ECO "A65"]
[WhiteElo "2151"]
[BlackElo "2378"]
[Annotator "ChessBase"]
[PlyCount "164"]
[EventDate "2020.02.14"]
[EventType "swiss"]
[EventCountry "AUT"]
[SourceTitle "playchess.com"]
[Source "ChessBase"]
[SourceQuality "1"]
[TimeControl "40/5400+30:1800+30"]

1. d4 Nf6 2. c4 g6 3. Nc3 Bg7 4. e4 d6 5. f3 O-O 6. Nge2 c5 7. d5 e6 8. Ng3 exd5 9. cxd5 h5 10. Be2 a6 11. a4 Nbd7 12. Bg5 Qb6 13. Qc1 Nh7 14. Be3 Qd8 15. O-O h4 16. Nh1 f5 17. Nf2 Ne5 18. f4 Nf7 19. Bd3 Re8 20. Qd2 Bd7 21. Rab1 Rc8 22. Rfe1 Qf6 23. a5 Re7 24. Bc4 Kh8 25. Rbd1 g5 26. fxg5 Nhxg5 27. exf5 Rce8 28. Bxg5 Qxg5 29. Rxe7 Rxe7 30. Qxg5 Nxg5 31. Bd3 Bd4 32. Kf1 Rf7 33. Ke2 Bxf5 34. Bxf5 Rxf5 35. Ng4 h3 36. g3 Kg7 37. Rd3 Kg6 38. Nd1 Rf7 39. Rb3 Re7+ 40. Nde3 Ne4 41. Rd3 Bxb2 42. Kf3 Ng5+ 43. Ke2 Bd4 44. Kf1 Ne4 45. Nc4 Kg5 46. Nce3 Nf6 47. Nxf6 Bxe3 48. Nd7 Kf5 49. Nb6 Ke4 50. Ke2 Bg1 51. Nc8 Rd7 52. g4 c4 53. Rxh3 Kxd5 54. Rg3 Bd4 55. Nb6+ Bxb6 56. axb6 Ke4 57. g5 Rh7 58. h3 Kf5 59. Ke3 Kg6 60. Kd4 Rh4+ 61. Kd5 c3 62. Rxc3 Rb4 63. Kxd6 Rxb6+ 64. Kc7 Rb4 65. Rc5 Rb5 66. Rc4 Kxg5 67. Rg4+ Kh5 68. Rg8 a5 69. Rh8+ Kg6 70. h4 a4 71. h5+ Kg7 72. Ra8 Rb4 73. Kd6 b5 74. Kc5 Rb3 75. Kd5 a3 76. Ke5 b4 77. Kf5 Rf3+ 78. Kg5 Rg3+ 79. Kf5 Rg1 80. Ra7+ Kh6 81. Ra4 b3 82. Rxa3 b2 0-1

[Event "AUT-ch Open 2020"]
[Site "Graz"]
[Date "2020.02.15"]
[Round "2.7"]
[White "Tolonen, Mikko"]
[Black "Huber, Martin Christian"]
[Result "0-1"]
[ECO "B30"]
[WhiteElo "2090"]
[BlackElo "2340"]
[Annotator "ChessBase"]
[PlyCount "116"]
[EventDate "2020.02.14"]
[EventType "swiss"]
[EventCountry "AUT"]
[SourceTitle "playchess.com"]
[Source "ChessBase"]
[SourceQuality "1"]
[TimeControl "40/5400+30:1800+30"]

1. e4 c5 2. Nc3 Nc6 3. Bb5 Nd4 4. Nf3 e6 5. O-O a6 6. Bd3 Nc6 7. Re1 g5 8. Kh1 Bg7 9. b3 h5 10. Bb2 g4 11. Ng1 Nge7 12. Na4 Bxb2 13. Nxb2 Ng6 14. c3 b5 15. Bc2 Qf6 16. Qe2 d6 17. a4 Rb8 18. axb5 axb5 19. Qe3 h4 20. h3 gxh3 21. Nxh3 e5 22. Kh2 Nf4 23. Nd3 Nxd3 24. Bxd3 Rg8 25. Rf1 Bxh3 26. gxh3 Qf4+ 27. Kh1 Ke7 28. Rg1 Qf6 29. Be2 Rxg1+ 30. Rxg1 Nd8 31. Rg8 b4 32. Bc4 bxc3 33. dxc3 Ra8 34. Bb5 Qf4 35. Qxf4 exf4 36. Kg2 Ra5 37. Re8+ Kf6 38. Rxd8 Rxb5 39. Rxd6+ Ke5 40. Rd5+ Kxe4 41. Rh5 Rxb3 42. Rxc5 f3+ 43. Kh2 Kd3 44. Rh5 Ke2 45. Rxh4 Kxf2 46. Rf4 Rb2 47. Rxf7 Ke3+ 48. Kg3 Rg2+ 49. Kh4 f2 50. Re7+ Kd3 51. Rf7 Ke2 52. Re7+ Kf1 53. c4 Kg1 54. Rf7 f1=Q 55. Rxf1+ Kxf1 56. Kh5 Kf2 57. h4 Kf3 58. c5 Kf4 0-1

[Event "AUT-ch Open 2020"]
[Site "Graz"]
[Date "2020.02.15"]
[Round "2.8"]
[White "Zadruzny, Nicolaj"]
[Black "Pavlov, Mark"]
[Result "1-0"]
[ECO "A05"]
[WhiteElo "2334"]
[BlackElo "2152"]
[Annotator "ChessBase"]
[PlyCount "129"]
[EventDate "2020.02.14"]
[EventType "swiss"]
[EventCountry "AUT"]
[SourceTitle "playchess.com"]
[Source "ChessBase"]
[SourceQuality "1"]
[TimeControl "40/5400+30:1800+30"]

1. Nf3 Nf6 2. g3 b5 3. Bg2 Bb7 4. O-O e6 5. d3 d5 6. Nbd2 Be7 7. e4 O-O 8. Re1 c5 9. exd5 exd5 10. a4 a6 11. d4 Nbd7 12. dxc5 Bxc5 13. Nb3 Bb6 14. axb5 axb5 15. Rxa8 Qxa8 16. Nfd4 Ne4 17. Be3 Ne5 18. Nxb5 Bxe3 19. Rxe3 Nc4 20. Re1 Nxb2 21. Qd4 Qa4 22. Qxa4 Nxa4 23. Na5 Ba8 24. Nc7 Nac3 25. f3 Nd6 26. Bh3 d4 27. Kf2 h6 28. Nb3 Ndb5 29. Nxb5 Nxb5 30. Bf1 Nc3 31. Nxd4 Rd8 32. Bd3 g6 33. Ra1 Nd5 34. Be4 Nc3 35. Bd3 Nd5 36. Be4 Nc3 37. Bxa8 Rxd4 38. Ke3 Rd6 39. Ra3 Re6+ 40. Kd3 Nd1 41. Kd2 Nb2 42. Bd5 Rd6 43. Kc1 Rxd5 44. Kxb2 Rd2 45. h4 Rg2 46. f4 Kg7 47. Re3 g5 48. fxg5 hxg5 49. hxg5 Kg6 50. Kb3 Kxg5 51. c4 f5 52. c5 f4 53. gxf4+ Kxf4 54. Re1 Kf5 55. Kc4 Rc2+ 56. Kd5 Rd2+ 57. Kc6 Rc2 58. Kb6 Rb2+ 59. Kc7 Rc2 60. c6 Kf6 61. Kd7 Rd2+ 62. Kc8 Rc2 63. c7 Kf7 64. Rb1 Ke7 65. Kb8 1-0

[Event "AUT-ch Open 2020"]
[Site "Graz"]
[Date "2020.02.15"]
[Round "2.9"]
[White "Sandhoefner, Florian"]
[Black "Eibinger, Manuel"]
[Result "1-0"]
[ECO "B83"]
[WhiteElo "2328"]
[BlackElo "2021"]
[Annotator "ChessBase"]
[PlyCount "87"]
[EventDate "2020.02.14"]
[EventType "swiss"]
[EventCountry "AUT"]
[SourceTitle "playchess.com"]
[Source "ChessBase"]
[SourceQuality "1"]
[TimeControl "40/5400+30:1800+30"]

1. e4 c5 2. Nf3 e6 3. d4 cxd4 4. Nxd4 Nc6 5. Nc3 Qc7 6. Be2 Nf6 7. O-O Be7 8. Kh1 O-O 9. f4 d6 10. Be3 Nxd4 11. Bxd4 e5 12. Be3 exf4 13. Bxf4 Be6 14. Bd3 Rfd8 15. Qf3 Qa5 16. Rae1 Qh5 17. Qf2 Ng4 18. Qd2 Ne5 19. Nd5 Bf8 20. Nc7 Nxd3 21. Qxd3 Rac8 22. Nxe6 fxe6 23. Qb3 d5 24. c3 b6 25. exd5 exd5 26. Re5 Qf7 27. Qd1 Qb7 28. Bg5 Rd7 29. Rff5 h6 30. Bh4 g5 31. Bf2 Rcd8 32. Bd4 Rf7 33. Qh5 Rd6 34. h4 Rxf5 35. Rxf5 Qh7 36. Qf3 Be7 37. Rxd5 Qb1+ 38. Kh2 Qxa2 39. Rf5 Rd8 40. hxg5 Bxg5 41. Qb7 Rxd4 42. cxd4 Qxb2 43. Qf7+ Kh8 44. Re5 1-0

[Event "AUT-ch Open 2020"]
[Site "Graz"]
[Date "2020.02.15"]
[Round "2.10"]
[White "Matosec, Thomas"]
[Black "Lim, Zhuo Ren"]
[Result "0-1"]
[ECO "B23"]
[WhiteElo "2071"]
[BlackElo "2296"]
[Annotator "ChessBase"]
[PlyCount "100"]
[EventDate "2020.02.14"]
[EventType "swiss"]
[EventCountry "AUT"]
[SourceTitle "playchess.com"]
[Source "ChessBase"]
[SourceQuality "1"]
[TimeControl "40/5400+30:1800+30"]

1. e4 c5 2. Nc3 d6 3. f4 Nc6 4. Nf3 g6 5. Bb5 Bd7 6. a4 Bg7 7. O-O Nf6 8. d3 O-O 9. h3 a6 10. Bc4 Nd4 11. Nxd4 cxd4 12. Nd5 Nxd5 13. Bxd5 e6 14. Bb3 Kh8 15. Bd2 a5 16. Bc4 Qe8 17. b4 Bxa4 18. bxa5 Bc6 19. Bb4 Qd7 20. Qe1 Rfe8 21. Bb3 f5 22. e5 dxe5 23. fxe5 Bd5 24. Bd6 Bxb3 25. cxb3 Qb5 26. b4 Qxd3 27. Rd1 Qe3+ 28. Kh1 Rec8 29. Qh4 Rc2 30. Rfe1 Qc3 31. Qxd4 Qg3 32. Qg1 Rac8 33. Rc1 Bh6 34. Rxc2 Rxc2 35. Rf1 Bf4 36. Rf3 Qh4 37. Be7 g5 38. Bf6+ Kg8 39. Rd3 Rc1 40. Rd1 Rc3 41. Qf1 Qg3 42. Qg1 Qh4 43. Qf1 Kf7 44. b5 Kg6 45. a6 bxa6 46. bxa6 Qg3 47. Qg1 Ra3 48. Rf1 Qh4 49. Rf2 Be3 50. g3 Qe4+ 0-1

[Event "AUT-ch Open 2020"]
[Site "Graz"]
[Date "2020.02.15"]
[Round "2.11"]
[White "Stukan, Martin"]
[Black "Strukova, Ksenia"]
[Result "1-0"]
[ECO "E68"]
[WhiteElo "2292"]
[BlackElo "2043"]
[Annotator "ChessBase"]
[PlyCount "97"]
[EventDate "2020.02.14"]
[EventType "swiss"]
[EventCountry "AUT"]
[SourceTitle "playchess.com"]
[Source "ChessBase"]
[SourceQuality "1"]
[TimeControl "40/5400+30:1800+30"]

1. g3 g6 2. Bg2 Bg7 3. c4 Nf6 4. Nc3 d6 5. d4 O-O 6. Nf3 Nbd7 7. O-O e5 8. e4 a6 9. b3 exd4 10. Nxd4 c5 11. Nde2 Ne5 12. Bb2 Rb8 13. Qd2 Qc7 14. Rad1 Rd8 15. f4 Nc6 16. Nd5 Nxd5 17. cxd5 Ne7 18. f5 Bxb2 19. Qxb2 Bxf5 20. exf5 Nxf5 21. Bh3 Ng7 22. Nc3 Re8 23. Rde1 f5 24. g4 Rxe1 25. Rxe1 Qf7 26. Qf2 b5 27. Ne2 Re8 28. gxf5 Qxd5 29. fxg6 hxg6 30. Rf1 Qd2 31. Nf4 Qxf2+ 32. Kxf2 g5 33. Nd5 Rf8+ 34. Ke3 Rxf1 35. Bxf1 Ne6 36. Ke4 Kf7 37. Kf5 a5 38. Nc3 c4 39. Nxb5 Ng7+ 40. Kxg5 cxb3 41. Bc4+ Ke7 42. axb3 Ne8 43. h4 Nf6 44. h5 d5 45. Bd3 Nxh5 46. Kxh5 Kd7 47. Nc3 Kd6 48. Nxd5 Kxd5 49. Bb5 1-0

[Event "AUT-ch Open 2020"]
[Site "Graz"]
[Date "2020.02.15"]
[Round "2.12"]
[White "Mayrhuber, Tobias"]
[Black "Matt, Fabian"]
[Result "0-1"]
[ECO "A48"]
[WhiteElo "2028"]
[BlackElo "2290"]
[Annotator "ChessBase"]
[PlyCount "88"]
[EventDate "2020.02.14"]
[EventType "swiss"]
[EventCountry "AUT"]
[SourceTitle "playchess.com"]
[Source "ChessBase"]
[SourceQuality "1"]
[TimeControl "40/5400+30:1800+30"]

1. d4 Nf6 2. Bf4 g6 3. Nf3 Bg7 4. h3 b6 5. e3 Bb7 6. Nbd2 O-O 7. Bd3 d6 8. O-O Nbd7 9. e4 Re8 10. Re1 e5 11. dxe5 Nxe5 12. Nxe5 dxe5 13. Bg5 h6 14. Bxf6 Qxf6 15. Nf1 Bf8 16. Qd2 Rad8 17. Ne3 h5 18. Qc3 Re7 19. a4 a5 20. b4 axb4 21. Qxb4 Rd4 22. Qb3 Red7 23. a5 Rb4 24. Qc3 bxa5 25. Rxa5 Bxe4 26. Rxe5 Bxd3 27. cxd3 Rf4 28. Nd1 Bb4 29. Re8+ Kg7 30. Qxf6+ Kxf6 31. R1e3 Bc5 32. d4 Bxd4 33. Rd3 c5 34. Ne3 Kg7 35. g3 Rf6 36. Rc8 Ra7 37. Rd2 Ra3 38. Kh2 Rf3 39. h4 Bxe3 40. fxe3 Raxe3 41. Rxc5 Rxg3 42. Rd4 Rh3+ 43. Kg2 Reg3+ 44. Kf2 Rg4 0-1

[Event "AUT-ch Open 2020"]
[Site "Graz"]
[Date "2020.02.15"]
[Round "2.13"]
[White "Rathnakaran, K.."]
[Black "Livaic, Leon"]
[Result "0-1"]
[ECO "C54"]
[WhiteElo "2334"]
[BlackElo "2492"]
[Annotator "ChessBase"]
[PlyCount "88"]
[EventDate "2020.02.14"]
[EventType "swiss"]
[EventCountry "AUT"]
[SourceTitle "playchess.com"]
[Source "ChessBase"]
[SourceQuality "1"]
[TimeControl "40/5400+30:1800+30"]

1. e4 e5 2. Nf3 Nc6 3. Bc4 Bc5 4. c3 Nf6 5. d3 d6 6. Bb3 a5 7. Bg5 h6 8. Bh4 Be6 9. Ba4 g5 10. Bg3 O-O 11. a3 Ba7 12. Nbd2 Ne7 13. h4 g4 14. Nh2 Ng6 15. Ndf1 Nf4 16. Ne3 Bxe3 17. fxe3 N4h5 18. Nf1 c6 19. Qd2 Nd7 20. Bf2 f5 21. exf5 Rxf5 22. Ng3 Nxg3 23. Bxg3 Qe7 24. e4 Rf6 25. h5 Qg7 26. Bc2 Raf8 27. b4 axb4 28. axb4 d5 29. Qe3 dxe4 30. dxe4 Bc4 31. O-O-O c5 32. bxc5 Ra6 33. Rd6 Ra1+ 34. Bb1 Nf6 35. Bxe5 Ba2 36. Kb2 Rxb1+ 37. Rxb1 Qf7 38. Rb6 Bxb1 39. Kxb1 Ra8 40. Bxf6 Qa2+ 41. Kc1 Qxg2 42. Bh4 Ra1+ 43. Rb1 Ra2 44. Bf2 Rxf2 0-1